 Dungeon Crawl Stone Soup version 0.26-b1-32-g5d43845318 (webtiles) character file.

Game seed: 14609453261922881723

9933 Borgoz the Slicer (level 11, -2/75 HPs)
             Began as a Halfling Gladiator on Jan 10, 2021.
             Was a Priest of Kikubaaqudgha.
             Slain by a skeletal warrior
             ... wielding a +0 vorpal trident
              (13 damage)
             ... on level 12 of the Dungeon.
             The game lasted 00:23:14 (14110 turns).

Borgoz the Slicer (Halfling Gladiator)             Turns: 14110, Time: 00:23:15

Health: -2/75      AC: 13    Str: 17    XL:     11   Next: 83%
Magic:  16/16      EV: 22    Int:  9    God:    Kikubaaqudgha [***...]
Gold:   909        SH:  0    Dex: 24    Spells: 11/16 levels left

rFire    + . .     SeeInvis .   a - +1 rapier (drain)
rCold    . . .     Faith    .   (shield restricted)
rNeg     . . .     Spirit   .   K - +0 ring mail {rF+}
rPois    .         Reflect  .   k - +2 helmet {Int+3}
rElec    .         Harm     .   y - +0 cloak
rCorr    .         Rampage  .   (no gloves)
Will     +....                  j - +0 pair of boots
Stlth    +++.......             (no amulet)
HPRegen  0.22/turn              e - ring of willpower
MPRegen  0.15/turn              h - +6 ring of dexterity

@: about to teleport
A: small, mutation resistance 1
a: Renounce Religion, Receive Corpses


You were on level 12 of the Dungeon.
You worshipped Kikubaaqudgha.
Kikubaaqudgha was most pleased with you.
You visited 2 branches of the dungeon, and saw 13 of its levels.
You also visited: Sewer.

You collected 947 gold pieces.
You spent 38 gold pieces at shops.

Inventory:

Hand Weapons
 a - a +1 rapier of draining (weapon)
 b - a +3 short sword of venom
 x - a +0 vampiric short sword
 F - a +0 rapier
 N - the +2 long sword "Liseyl" {venom, *Corrode rPois rC+++ Int+4}
   (You found it on level 12 of the Dungeon)

   It poisons the flesh of those it strikes.
   It affects your intelligence (+4).
   It renders you almost immune to cold.
   It protects you from poison.
   It may corrode you when you take damage.
Missiles
 d - 3 throwing nets (quivered)
Armour
 j - a +0 pair of boots (worn)
 k - a +2 helmet of intelligence (worn)
 t - a +2 ring mail of willpower
 y - a +0 cloak (worn)
 I - the +5 ring mail "Olepuhat" {+Inv rPois Dex-5}
   (You found it on level 10 of the Dungeon)

   It affects your dexterity (-5).
   It protects you from poison.
   It lets you turn invisible.
 K - a +0 ring mail of fire resistance (worn)
 M - a +0 troll leather armour
Jewellery
 e - a ring of willpower (left hand)
 h - a +6 ring of dexterity (right hand)
 A - an uncursed ring of ice
Wands
 D - a wand of digging (4)
 E - a wand of enslavement (10)
 G - a wand of flame (13)
 H - a wand of iceblast (6)
 L - a wand of acid (5)
Scrolls
 c - a scroll of remove curse
 g - a scroll of silence {unknown}
 m - 4 scrolls of magic mapping
 n - 2 scrolls of random uselessness {unknown}
 p - 5 scrolls of enchant armour
 s - 6 scrolls of teleportation
 v - 5 scrolls of blinking
 w - 3 scrolls of fog {unknown}
 z - a scroll of amnesia {unknown}
 B - a scroll of fear
 C - a scroll of acquirement {unknown}
 J - a scroll of enchant weapon {unknown}
Potions
 f - 5 potions of curing
 i - 4 potions of heal wounds
 l - 3 potions of resistance
 o - 2 potions of flight {unknown}
 q - 2 potions of haste
 r - 4 potions of might
 u - 2 potions of magic {unknown}


   Skills:
 * Level 7.5 Fighting
 * Level 10.4 Short Blades
 - Level 2.0 Throwing
 * Level 8.5 Armour
 * Level 9.4 Dodging
 - Level 5.0 Stealth
 + Level 3.3 Spellcasting
 + Level 4.9 Translocations


You had 11 spell levels left.
You knew the following spells:

 Your Spells              Type           Power        Failure   Level
a - Blink                 Tloc           N/A          10%         2
b - Vampiric Draining     Necr           0%           82%         3

Your spell library contained the following spells:

 Spells                   Type           Power        Failure   Level
 Animate Skeleton         Necr           2%           43%         1
 Magic Dart               Conj           4%           43%         1
 Pain                     Necr           4%           43%         1
 Sandblast                Erth           2%           43%         1
 Call Imp                 Summ           1%           58%         2
 Passwall                 Tmut/Erth      0%           58%         2
 Searing Ray              Conj           2%           58%         2
 Slow                     Hex            1%           58%         2
 Sublimation of Blood     Necr           0%           58%         2
 Conjure Flame            Conj/Fire      1%           82%         3
 Dazzling Flash           Conj/Hex       2%           82%         3
 Mephitic Cloud           Conj/Pois/Air  1%           82%         3
 Stone Arrow              Conj/Erth      2%           82%         3
 Iskenderun's Mystic Bla  Conj/Tloc      5%           87%         4
 Animate Dead             Necr           0%           99%         4
 Dispel Undead            Necr           1%           99%         4
 Fulminant Prism          Conj/Hex       0%           99%         4
 Petrify                  Tmut/Erth      1%           99%         4
 Agony                    Necr           1%           100%        5
 Borgnjor's Vile Clutch   Necr/Erth      0%           100%        5
 Excruciating Wounds      Necr           0%           100%        5
 Lee's Rapid Deconstruct  Erth           0%           100%        5


Dungeon Overview and Level Annotations

Branches:
Dungeon (12/15)            Temple (1/1) D:7            Lair (0/6) D:8
    Orc (0/2) D:11          Sewer (visited)

Altars:
Ashenzari
Cheibriados
Dithmenos
Elyvilon
Fedhas
Gozag
Hepliaklqana
Kikubaaqudgha
Makhleb
Nemelex Xobeh
Okawaru
Qazlal
Ru
Sif Muna
Trog
Uskayaw
Vehumet
Wu Jian
Xom
Yredelemnul
Zin
The Shining One

Shops:
D:4 (   D:5 *

Annotations:
D:12 Urug


Innate Abilities, Weirdness & Mutations

You are small and have problems with some larger weapons.
You are somewhat resistant to further mutation.


Message History

The yaktaur unwields a +0 arbalest.
The yaktaur hits you.
* * * LOW HITPOINT WARNING * * *
Found a scroll labelled FADDUGGUYM.
The skeletal warrior hits you from afar with a +0 vorpal trident.
* * * LOW HITPOINT WARNING * * *
x2 The bullfrog zombie misses you.
Urug stares with her one eyeball.
The yaktaur hits you but does no damage.
You hit the yaktaur. You drain the yaktaur.
The yaktaur is lightly wounded.
The skeletal warrior completely misses you.
The bullfrog zombie closely misses you.
A komodo dragon comes into view.
You hit the yaktaur.
The yaktaur is moderately wounded.
The yaktaur hits you.
* * * LOW HITPOINT WARNING * * *
The skeletal warrior hits you from afar with a +0 vorpal trident!
You die...
Kikubaaqudgha rasps: "You have failed me!
Welcome... death!"

# #.# #.....#
#...!..e.......... # #..
......###.................
# #..
..............(.((........
# #.# .#####.#####.###...
. #?#.....#(..o.# ..
#.#Z#.#.###.### ...
#.yo#z#y...#. #.#Z#z#.###
# ...#@cB..# #.# ###D###
#.. :yl# #.# B#.)# .. #.l#
:## #


You could see a boulder beetle, an eight-headed hydra, Urug, a skeletal warrior,
a komodo dragon, a yaktaur (drained), a basilisk, a meliai, a bullfrog zombie
and a wyvern skeleton.

Vanquished Creatures
  Fannar (D:11)
  A hydra (D:11)
  Erica (D:8)
  A skeletal warrior (D:12)
  A centaur zombie (D:10)
  A kobold demonologist (D:12)
  2 centaur skeletons
  2 trolls
  The ghost of no0bjke the Shield-Bearer, an amateur GrFi (D:4)
  6 yaks (D:9)
  A fire elemental (D:12)
  A steam dragon (D:10)
  2 water moccasins
  2 ice beasts
  3 orc warriors
  2 sky beasts
  Purgy (Sewer)
  2 phantoms
  6 ogres
  4 centaurs
  5 bullfrogs
  2 gnoll sergeants
  A wyvern skeleton (D:4)
  3 scorpions
  6 killer bees (D:9)
  5 wights
  4 howler monkeys
  4 crimson imps (D:5)
  A bullfrog zombie (D:12)
  2 lava snakes (D:12)
  4 hounds
  2 bullfrog skeletons
  Crazy Yiuf (D:5)
  5 orc priests
  8 orc wizards
  5 worker ants
  A hound zombie (D:6)
  3 worker ant zombies
  A howler monkey zombie (D:11)
  15 gnolls
  2 river rats (D:5)
  16 adders
  A white imp (D:5)
  An ooze (D:3)
  3 adder skeletons (D:4)
  7 worms
  7 leopard geckos
  63 orcs
  4 ball pythons
  7 giant cockroaches
  6 goblins
  5 hobgoblins
  2 jackals (D:4)
  3 quokkas
  6 bats
  10 frilled lizards
  A jackal zombie (D:4)
  11 kobolds
  8 rats
282 creatures vanquished.

Vanquished Creatures (others)
  5 plants (D:4)
5 creatures vanquished.

Grand Total: 287 creatures vanquished

Notes
Turn   | Place    | Note
-------+----------+-------------------------------------------
     0 | D:1      | Borgoz the Halfling Gladiator began the quest for the Orb.
     0 | D:1      | Reached XP level 1. HP: 14/14 MP: 1/1
   104 | D:1      | Reached XP level 2. HP: 19/19 MP: 2/2
   329 | D:1      | Reached XP level 3. HP: 24/24 MP: 3/3
   403 | D:1      | Reached skill level 1 in Armour
   557 | D:1      | Reached skill level 4 in Short Blades
   557 | D:1      | Reached skill level 1 in Stealth
  1182 | D:2      | Reached XP level 4. HP: 24/29 MP: 4/4
  1601 | D:2      | Reached XP level 5. HP: 35/35 MP: 5/5
  2861 | D:4      | Found Zueshaah's Antique Weapon Boutique.
  2951 | D:4      | Reached XP level 6. HP: 40/41 MP: 6/6
  2956 | D:4      | Noticed an ogre
  2964 | D:4      | Killed an ogre
  2965 | D:4      | Reached skill level 5 in Short Blades
  3026 | D:5      | Entered Level 5 of the Dungeon
  3026 | D:5      | Found Yfulurph's General Store.
  3030 | D:5      | Bought a scroll of magic mapping for 38 gold pieces
  3052 | D:5      | Reached XP level 7. HP: 46/46 MP: 7/7
  3058 | D:5      | Found a shimmering altar of Xom.
  3245 | D:5      | Found a glowing drain.
  3265 | D:5      | Reached skill level 5 in Dodging
  3268 | Sewer    | Entered a sewer
  3432 | Sewer    | Noticed Purgy
  3441 | Sewer    | Killed Purgy
  4049 | D:5      | Reached skill level 6 in Short Blades
  4049 | D:5      | Reached XP level 8. HP: 49/54 MP: 8/8
  4407 | D:4      | Learned a level 2 spell: Blink
  4478 | D:4      | Found a runed translucent gate.
  4478 | D:4      | Found a runed translucent gate.
  4478 | D:4      | Found a runed translucent gate.
  4478 | D:4      | Noticed no0bjke's ghost (amateur GrFi)
  5095 | D:4      | Killed no0bjke's ghost
  5125 | D:4      | Reached skill level 1 in Translocations
  5555 | D:5      | Reached XP level 9. HP: 59/59 MP: 8/10
  5743 | D:5      | Reached skill level 7 in Short Blades
  5743 | D:5      | Reached skill level 5 in Armour
  5867 | D:5      | Found a runed translucent door.
  5868 | D:5      | Noticed Crazy Yiuf
  6116 | D:5      | Killed Crazy Yiuf
  6281 | D:6      | Reached skill level 1 in Spellcasting
  6500 | D:6      | Reached skill level 5 in Fighting
  7598 | D:7      | Found a staircase to the Ecumenical Temple.
  7712 | Temple   | Entered the Ecumenical Temple
  7798 | Temple   | Became a worshipper of Kikubaaqudgha
  9140 | D:8      | Reached skill level 8 in Short Blades
  9347 | D:8      | Reached XP level 10. HP: 66/66 MP: 12/12
  9460 | D:8      | Noticed Erica
  9471 | D:8      | Killed Erica
  9472 | D:8      | Reached skill level 5 in Stealth
  9714 | D:8      | Found a staircase to the Lair.
 10231 | D:10     | Entered Level 10 of the Dungeon
 10882 | D:9      | Reached * piety under Kikubaaqudgha
 10882 | D:9      | Identified Kikubaaqudgha's Papyrus of Sinister Secrets
                  | (Kikubaaqudgha gifted it to you on level 9 of the Dungeon)
 10882 | D:9      | Received a gift from Kikubaaqudgha
 10891 | D:9      | Reached skill level 9 in Short Blades
 10933 | D:9      | Learned a level 3 spell: Vampiric Draining
 11219 | D:10     | Got a fine ring mail
 11242 | D:9      | Identified the +5 ring mail "Olepuhat" {+Inv rPois Dex-5}
                  | (You found it on level 10 of the Dungeon)
 11672 | D:10     | Reached XP level 11. HP: 74/74 MP: 13/15
 12068 | D:11     | Reached ** piety under Kikubaaqudgha
 12530 | D:11     | Noticed a four-headed hydra
 12543 | D:11     | Killed a four-headed hydra
 12544 | D:11     | Reached skill level 10 in Short Blades
 12688 | D:11     | Noticed Fannar
 12722 | D:11     | Killed Fannar
 13057 | D:11     | Reached *** piety under Kikubaaqudgha
 13057 | D:11     | Identified Kikubaaqudgha's Papyrus of Necromancy
                  | (Kikubaaqudgha gifted it to you on level 11 of the Dungeon)
 13057 | D:11     | Received a gift from Kikubaaqudgha
 13523 | D:11     | Found a staircase to the Orcish Mines.
 14008 | D:12     | Got a shimmering long sword
 14009 | D:12     | Identified the cursed +2 long sword "Liseyl" {venom,
                  | *Corrode rPois rC+++ Int+4} (You found it on level 12 of
                  | the Dungeon)
 14059 | D:12     | Noticed a skeletal warrior
 14088 | D:12     | Killed a skeletal warrior
 14089 | D:12     | Noticed Urug
 14089 | D:12     | Noticed a deep elf mage
 14099 | D:12     | Noticed a skeletal warrior
 14102 | D:12     | Noticed a boulder beetle
 14105 | D:12     | Noticed an eight-headed hydra
 14110 | D:12     | Slain by a skeletal warrior

Illustrated notes

Levels and vault maps discovered:
D:1:      dpeg_arrival_pits, layout_basic, minmay_octomino_j4
D:2:      layout_basic, minmay_vboxes
D:3:      layout_loops_ring
D:4:      layout_basic, serial_shops, nicolae_shop_overgrown_old_shop,
          gammafunk_ghost_necromancy, serial_park_tiny_2
D:5:      layout_loops_ring, led_xom_imps, serial_shops, shop,
          portal_sewer_entry_e, grunt_ministairs_14, uniq_crazy_yiuf_cottage
D:6:      layout_loops_ring
D:7:      layout_basic, temple_pool_b
D:8:      layout_layer_cave, lair_entry_dummy, hangedman_abyss_or_decor_passed,
          grunt_decor_fettered, uniq_erica
D:9:      layout_stronghold
D:10:     layout_small_grid
D:11:     layout_stronghold, hiddenorc1_lemuel, uniq_fannar
D:12:     minmay_the_grid_square_5x5_3x3 [minmay_the_grid_square_5x5_three,
          minmay_the_grid_square_5x5_inner_z,
          minmay_the_grid_square_5x5_sharp_hourglass,
          minmay_the_grid_square_5x5_eight,
          minmay_the_grid_square_5x5_megaprize_diamond,
          minmay_the_grid_square_5x5_seven, minmay_the_grid_square_5x5_comb,
          minmay_the_grid_square_5x5_n, minmay_the_grid_square_5x5_plus],
          layout_long_grid, nicolae_trove_entry_isolated,
          gammafunk_ghost_hydra_chop, kennysheep_dice, uniq_urug
Temple:   minmay_crystal_snake_temple

Skill      XL: |  1  2  3  4  5  6  7  8  9 10 11 |
---------------+----------------------------------+-----
Fighting       | 2 3 4 5 6 7 |  7.5
Armour         | 1 2 3 4 6 7 8 |  8.5
Short Blades   | 4 5 6 8 9 10 | 10.4
Stealth        | 1 2 3 4 5 |  5.0
Dodging        | 4 5 6 7 8 9 |  9.4
Translocations | 1 2 4 |  4.9
Spellcasting   | 1 2 3 |  3.3
Throwing       | |  2.0

Action                   |  1- 3 |  4- 6 |  7- 9 | 10-12 || total
-------------------------+-------+-------+-------+-------++-------
Melee: Rapier            |    38 |       |   122 |   463 ||   623
       Short sword       |    98 |   113 |   439 |    38 ||   688
       Dagger            |       |    84 |    91 |       ||   175
Throw: Throwing net      |       |     1 |     2 |     4 ||     7
  Use: Scroll            |       |    14 |     1 |     3 ||    18
       Potion            |       |       |    10 |       ||    10
 Stab: Sleeping          |       |     1 |     5 |     5 ||    11
       Held in net/web   |       |     1 |     2 |     5 ||     8
       Invisible         |       |       |     3 |       ||     3
       Distracted        |       |       |       |     4 ||     4
Armor: Leather armour    |    17 |       |       |       ||    17
       Scale mail        |     8 |    38 |       |       ||    46
       Ring mail         |       |    16 |   145 |    99 ||   260
       Skin              |       |       |    36 |       ||    36
Dodge: Dodged            |    98 |   119 |   447 |   474 ||  1138
